 Dungeon Crawl Stone Soup version 0.21-a0-221-gfe971b9 (webtiles) character file.

16225 nikopol the Cleaver (level 12, -22/162 HPs)
             Began as a Minotaur Berserker on Aug 24, 2017.
             Was a High Priest of Trog.
             Annihilated by a titanic slime creature (72 damage)
             ... on level 12 of the Dungeon on Aug 26, 2017.
             The game lasted 00:37:42 (12004 turns).

nikopol the Cleaver (Minotaur Berserker)           Turns: 12004, Time: 00:37:42

Health: -22/162    AC: 19    Str: 26    XL:     12   Next: 8%
Magic:  3/3        EV: 12    Int:  4    God:    Trog [*****.]
Gold:   614        SH:  0    Dex: 16    Spells: 11/11 levels left

rFire    . . .     SeeInvis +   a - +5 battleaxe (antimagic)
rCold    . . .     Gourm    .   (shield currently unavailable)
rNeg     . . .     Faith    .   b - +0 chain mail {MR+}
rPois    .         Spirit   .   l - +1 hat
rElec    .         Reflect  .   W - +2 cloak
rCorr    .         Harm     .   q - +0 pair of gloves
MR       ++...                  n - +0 pair of boots
Stlth    ..........             J - amulet of regeneration
HPRegen  0.77/turn              j - ring of see invisible
MPRegen  0.08/turn              U - ring of protection from magic

@: berserking, very quick
A: retaliatory headbutt, horns 2
a: Berserk, Trog's Hand, Brothers in Arms, Burn Spellbooks, Renounce Religion


You were on level 12 of the Dungeon.
You worshipped Trog.
Trog was extremely pleased with you.
You were hungry.

You visited 2 branches of the dungeon, and saw 13 of its levels.
You also visited: Sewer.

You collected 873 gold pieces.
You spent 259 gold pieces at shops.

Inventory:

Hand Weapons
 a - a +5 antimagic battleaxe (weapon)
 y - a +5 executioner's axe of chopping
 z - a +0 shortbow
Missiles
 I - 264 arrows
Armour
 b - a +0 chain mail of magic resistance (worn)
 l - a +1 hat (worn)
 n - a +0 pair of boots (worn)
 q - a +0 pair of gloves (worn)
 W - a +2 cloak (worn)
Jewellery
 j - a ring of see invisible (left hand)
 C - a +3 ring of dexterity
 J - an amulet of regeneration (around neck)
 K - an uncursed ring of fire
 R - an uncursed ring of positive energy
 T - an uncursed ring of resist corrosion
 U - a ring of protection from magic (right hand)
Wands
 r - a wand of paralysis (11/24)
Scrolls
 d - 4 scrolls of enchant weapon {unknown}
 e - 11 scrolls of identify
 f - 2 scrolls of noise {unknown}
 g - 10 scrolls of remove curse
 k - 8 scrolls of fear {unknown}
 p - 6 scrolls of teleportation
 t - 3 scrolls of recharging {unknown}
 B - 2 scrolls of amnesia {unknown}
 G - 7 scrolls of magic mapping
 O - 3 scrolls of fog {unknown}
 Q - 2 scrolls of blinking
 S - 3 scrolls of enchant armour {unknown}
Potions
 h - 2 potions of resistance
 m - 5 potions of curing {unknown}
 s - 3 potions of mutation {unknown}
 w - 3 potions of magic {unknown}
 x - 2 potions of degeneration {unknown}
 A - 2 potions of might
 F - a potion of flight {unknown}
 L - 2 potions of brilliance {unknown}
 N - 5 potions of haste {unknown}
 P - 4 potions of heal wounds {unknown}
 X - 3 potions of lignification {unknown}
Books
 v - the Guide on the Helpful Rocks
   (You found it on level 12 of the Dungeon)

   Spells                             Type                      Level
   a - Infusion                       Charms                       1
   b - Sandblast                      Earth                        1
   c - Swiftness                      Charms/Air                   2
   d - Leda's Liquefaction            Hexes/Earth                  4
   e - Deflect Missiles               Charms/Air                   6
   f - Statue Form                    Transmutation/Earth          6
   Trog disapproves of the use of such an item.
Comestibles
 c - 7 bread rations
 i - 7 meat rations
 o - 14 royal jellies
 u - 16 chunks of flesh
 D - 8 fruits


   Skills:
 + Level 10.8 Fighting
 + Level 13.4 Axes
 + Level 10.5 Bows
 + Level 10.2 Armour
 + Level 6.2 Dodging
 + Level 2.0 Stealth


You had 11 spell levels left.
You didn't know any spells.

Dungeon Overview and Level Annotations

Branches:
Dungeon (12/15)            Temple (0/1) D:6            Lair (0/6) D:9
    Orc (1/2) D:10

Altars:
Ashenzari
Cheibriados
Dithmenos
Elyvilon
Kikubaaqudgha
Sif Muna
The Shining One

Shops:
D:8 ?   D:10 (


Innate Abilities, Weirdness & Mutations

You reflexively headbutt those who attack you in melee.
You have a pair of horns on your head.


Message History

A very large slime creature splits.
You slice the very large slime creature!!
The very large slime creature is almost dead.
The very large slime creature hits you!!!
* * * LOW HITPOINT WARNING * * *
Two slime creatures merge to form a titanic slime creature.
You slice the titanic slime creature!!
The titanic slime creature is severely wounded.
You open the titanic slime creature like a pillowcase!!!
The titanic slime creature is severely wounded.
You slice the titanic slime creature!!
The titanic slime creature is almost dead.
You slash the titanic slime creature!
You headbutt the titanic slime creature!
The titanic slime creature is almost dead.
The titanic slime creature completely misses you.
You slash the titanic slime creature!
The titanic slime creature is almost dead.
The titanic slime creature hits you!!!!
You die...

### #........####.....
....#.....##....#.....
#.......#####.'.....
###.....# ###.....
###.### #.(... ##.#
###### ##..# ##.....
#..## ####...... #@##
#......... #J#
#.##...... .J. #.
#...... #...( #.
#...... +..(.. ..
#...... #...... ##
#...... #.......
#...[.. #.......#
#...... ####..#


You could see a titanic slime creature and a slime creature.

Vanquished Creatures
  A hydra (D:11)
  2 two-headed ogres
  Urug (Orc:1)
  Sonja (D:10)
  An unseen horror (D:12)
  An ugly thing (D:11)
  A manticore (D:12)
  Maurice (D:8)
  3 gargoyles
  The ghost of p0werm0de the Skirmisher, an amateur DgWn (D:4)
  A hornet (D:9)
  Prince Ribbit (D:5)
  2 hippogriffs
  15 yaks
  Grum (D:11)
  3 hungry ghosts
  Menkaure (D:4)
  A warg (Orc:1)
  2 soldier ants (D:9)
  Duvessa (D:5)
  2 hell hounds (D:9)
  8 orc warriors
  2 ice beasts
  A black bear (D:7)
  2 sky beasts
  2 wolves (D:11)
  3 phantoms
  2 ogres
  A necrophage (D:12)
  13 centaurs
  A crocodile (D:9)
  9 bullfrogs
  A big kobold (D:7)
  A gnoll sergeant (D:7)
  A wyvern zombie (D:9)
  3 scorpions
  Dowan (D:5)
  6 killer bees (D:9)
  A howler monkey (D:8)
  3 electric eels (D:10)
  7 crimson imps
  A centaur zombie (D:11)
  A gnoll shaman (D:8)
  5 orc priests
  A bullfrog zombie (D:10)
  A bullfrog skeleton (D:12)
  6 hounds
  2 jellies
  Crazy Yiuf (D:2)
  2 iguanas
  18 orc wizards
  4 worker ants
  A killer bee zombie (D:9)
  A howler monkey zombie (D:7)
  A worker ant zombie (D:6)
  Robin (D:2)
  10 gnolls
  17 adders
  A river rat (Sewer)
  4 shadow imps
  An ooze (Sewer)
  An adder skeleton (D:7)
  2 worms
  2 dart slugs
  8 leopard geckos
  41 orcs
  12 ball pythons (Sewer)
  5 bats (D:1)
  13 giant cockroaches
  13 goblins
  7 hobgoblins
  23 jackals
  12 kobolds
  2 quokkas
  14 frilled lizards
  2 leopard gecko skeletons
  34 rats
381 creatures vanquished.

Vanquished Creatures (others)
  A phantom (D:6)
  A wyvern skeleton (D:9)
  A worker ant (D:6)
3 creatures vanquished.

Grand Total: 384 creatures vanquished

Notes
Turn   | Place    | Note
-------+----------+-------------------------------------------
     0 | D:1      | nikopol the Minotaur Berserker began the quest for the Orb.
     0 | D:1      | Reached XP level 1. HP: 19/19 MP: 0/0
    17 | D:1      | Reached XP level 2. HP: 20/27 MP: 1/1
   222 | D:1      | Reached skill level 4 in Axes
   275 | D:1      | Reached ** piety under Trog
   582 | D:1      | Reached XP level 3. HP: 33/33 MP: 2/2
  1348 | D:2      | Noticed Robin
  1366 | D:2      | Killed Robin
  1366 | D:2      | Reached XP level 4. HP: 37/41 MP: 3/3
  1558 | D:2      | Found a runed door.
  1562 | D:2      | Noticed Crazy Yiuf
  1566 | D:2      | Killed Crazy Yiuf
  1800 | D:3      | Reached skill level 5 in Axes
  2089 | D:3      | Reached *** piety under Trog
  2103 | D:3      | Reached XP level 5. HP: 47/47 MP: 4/4
  2127 | D:3      | Reached skill level 5 in Fighting
  2377 | D:4      | Noticed Menkaure
  2382 | D:4      | Killed Menkaure
  2382 | D:4      | Reached skill level 6 in Axes
  2382 | D:4      | Reached skill level 1 in Stealth
  2382 | D:4      | Reached XP level 6. HP: 56/56 MP: 5/5
  2655 | D:4      | Noticed p0werm0de's ghost (amateur DgWn)
  2666 | D:4      | Killed p0werm0de's ghost
  2666 | D:4      | Reached XP level 7. HP: 61/61 MP: 6/6
  2794 | D:4      | Reached skill level 7 in Axes
  3174 | D:5      | Entered Level 5 of the Dungeon
  3266 | D:5      | Noticed Prince Ribbit
  3596 | D:5      | Found the +6 lightning scales {run, rElec}
  3681 | D:5      | Killed Prince Ribbit
  3681 | D:5      | Reached skill level 8 in Axes
  3681 | D:5      | Reached skill level 5 in Armour
  3778 | D:5      | Noticed Dowan
  3780 | D:5      | Noticed Duvessa
  3805 | D:5      | Killed Dowan
  3805 | D:5      | Reached XP level 8. HP: 68/70 MP: 7/7
  3922 | D:5      | Found a shattered altar of Ashenzari.
  3927 | D:5      | Found an ancient bone altar of Kikubaaqudgha.
  4007 | D:5      | Killed Duvessa
  4610 | D:6      | Noticed a two-headed ogre
  4618 | D:6      | Killed a two-headed ogre
  4618 | D:6      | Reached skill level 9 in Axes
  4627 | D:6      | Reached **** piety under Trog
  4696 | D:6      | Reached XP level 9. HP: 70/79 MP: 8/8
  4734 | D:6      | Reached skill level 10 in Axes
  4805 | D:6      | Found a staircase to the Ecumenical Temple.
  4928 | D:6      | Found a white marble altar of Elyvilon.
  5030 | D:6      | Found a glowing drain.
  5058 | Sewer    | Entered a sewer
  5261 | Sewer    | Reached ***** piety under Trog
  5294 | Sewer    | Reached skill level 1 in Bows
  5506 | D:6      | Received a gift from Trog
  5706 | D:6      | Found a snail-covered altar of Cheibriados.
  5849 | D:6      | Found a deep blue altar of Sif Muna.
  6389 | D:7      | Found a glowing golden altar of the Shining One.
  6407 | D:7      | Reached skill level 5 in Bows
  6465 | D:7      | Found a shadowy altar of Dithmenos.
  6952 | D:7      | Reached XP level 10. HP: 89/89 MP: 3/9
  7304 | D:7      | Received a gift from Trog
  7390 | D:8      | Found Wajaam's Magic Scroll Boutique.
  7394 | D:8      | Bought a scroll of teleportation for 39 gold pieces
  7394 | D:8      | Bought a scroll of teleportation for 39 gold pieces
  7394 | D:8      | Bought a scroll of blinking for 97 gold pieces
  7394 | D:8      | Bought a scroll of remove curse for 39 gold pieces
  7394 | D:8      | Bought a scroll of magic mapping for 45 gold pieces
  7432 | D:8      | Noticed Maurice
  7453 | D:8      | Killed Maurice
  7562 | D:8      | Reached skill level 11 in Axes
  7565 | D:8      | Reached skill level 5 in Dodging
  8075 | D:9      | Noticed a gargoyle
  8090 | D:9      | Killed a gargoyle
  8329 | D:9      | Found a staircase to the Lair.
  8511 | D:9      | Received a gift from Trog
  8616 | D:9      | Paralysed by a hornet for 3 turns
  8861 | D:9      | Reached skill level 12 in Axes
  9061 | D:10     | Entered Level 10 of the Dungeon
  9119 | D:10     | Reached XP level 11. HP: 97/97 MP: 6/10
  9177 | D:10     | Noticed Sonja
  9202 | D:10     | Killed Sonja
  9285 | D:10     | Noticed a two-headed ogre
  9301 | D:10     | HP: 7/145 [two-headed ogre/giant club (6)]
  9301 | D:10     | HP: 3/145 [orc wizard/magic dart (4)]
  9302 | D:10     | Killed a two-headed ogre
  9306 | D:10     | HP: 6/145 [orc wizard/magic dart (1)]
  9676 | D:10     | Found a staircase to the Orcish Mines.
 10026 | D:10     | Found Urphacall's Weapon Shop.
 10450 | Orc:1    | Entered Level 1 of the Orcish Mines
 10504 | Orc:1    | Noticed Urug
 10521 | Orc:1    | Killed Urug
 10521 | Orc:1    | Reached skill level 10 in Fighting
 10646 | Orc:1    | Noticed an orc sorcerer
 10646 | Orc:1    | Noticed an orc sorcerer
 10646 | Orc:1    | Noticed an orc warlord
 10646 | Orc:1    | Noticed an orc high priest
 10646 | Orc:1    | Noticed an orc sorcerer
 10646 | Orc:1    | Noticed a deep elf archer
 10648 | Orc:1    | Noticed a deep elf mage
 10648 | Orc:1    | Noticed a deep elf mage
 10658 | Orc:1    | Noticed an orc sorcerer
 10660 | Orc:1    | Paralysed by an orc sorcerer for 4 turns
 10672 | Orc:1    | Noticed a sun demon
 10900 | D:11     | Noticed a cyan ugly thing
 10913 | D:11     | Killed a cyan ugly thing
 10986 | D:11     | Noticed a six-headed hydra
 11002 | D:11     | Killed an 11-headed hydra
 11002 | D:11     | Received a gift from Trog
 11002 | D:11     | Reached skill level 13 in Axes
 11174 | D:11     | Reached skill level 10 in Bows
 11175 | D:11     | Reached skill level 10 in Armour
 11353 | D:11     | Noticed Grum
 11364 | D:11     | Killed Grum
 11671 | D:12     | Noticed an unseen horror
 11689 | D:12     | Killed an unseen horror
 11707 | D:12     | Identified the Guide on the Helpful Rocks
 11856 | D:12     | Received a gift from Trog
 11856 | D:12     | Reached XP level 12. HP: 102/108 MP: 5/11
 12004 | D:12     | Annihilated by a titanic slime creature

Vault maps used:
D:1:      minmay_arrival_glassed_features, serial_corexii_hall,
          corexii_hall_statues_x, corexii_hall_statues_l,
          corexii_hall_statues_deadend, minmay_lizard_pond
D:2:      uniq_robin, uniq_crazy_yiuf_cottage
D:4:      first_bread, corexii_shack, uniq_menkaure
D:5:      amethyst_overflow_temple_binary, uniq_prince_ribbit1, uniq_duvessa
D:6:      kennysheep_orc_sif_temple, cheibriados_altar_1,
          lemuel_temple_firewalk_a, gup_sewer_entry_pipe, basic_altar,
          moated_statue, abandoned_shop, supply_closet_lemuel
D:7:      nicolae_overflow_hidden_temple
D:8:      serial_shops, shop, uniq_maurice
D:9:      lemuel_flame_loot_2, minmay_lair_entry_lava, hangedman_pestilent_swarm
D:10:     erik_orc_2, serial_shops, shop, uniq_sonja
D:11:     uniq_grum
D:12:     bloody_trog
Orc:1:    elf_legates, uniq_urug
Sewer:    sewer_minmay_w

Skill      XL: |  1  2  3  4  5  6  7  8  9 10 11 |
---------------+----------------------------------+-----
Fighting       | 4 5 7 8 9 10 | 10.8
Axes           | 4 5 6 8 9 10 12 13 | 13.4
Dodging        | 3 4 5 6 |  6.2
Armour         | 3 4 5 7 8 10 | 10.2
Stealth        | 1 2 |  2.0
Bows           | 6 8 10 | 10.5

Action                   |  1- 3 |  4- 6 |  7- 9 | 10-12 || total
-------------------------+-------+-------+-------+-------++-------
Melee: Hand axe          |    81 |    76 |   182 |       ||   339
       Headbutt          |     7 |    13 |    46 |    76 ||   142
       Battleaxe         |       |       |    54 |   322 ||   376
       Shortbow          |       |       |       |     1 ||     1
 Fire: Shortbow          |       |       |   197 |   329 ||   526
Invok: Berserk           |     1 |     3 |     3 |     8 ||    15
       Burn Spellbooks   |       |       |     1 |     2 ||     3
  Use: Scroll            |       |       |     1 |     1 ||     2
  Eat: Chunk             |     1 |     7 |    20 |    22 ||    50
       Bread ration      |       |       |       |     1 ||     1
Armor: Animal skin       |    24 |     6 |       |       ||    30
       Ring mail         |       |    19 |       |       ||    19
       Scale mail        |       |     2 |   114 |   137 ||   253
       Chain mail        |       |       |       |    92 ||    92
Dodge: Dodged            |    44 |    29 |   187 |   301 ||   561

Table legend:
 A = Spawn XP
 B = Non-spawn XP
 C = Spawn XP percentage of total XP
 D = Spawn monster count
 E = Non-spawn monster count
 F = Spawn count percentage of total count
 G = Total turns spent on level
                    A         B        C        D         E        F      G
               +---------+---------+-------+---------+---------+-------+---------
         Total |    1842 |   21337 |   7.9 |      38 |     343 |  10.0 | 12004
               +---------+---------+-------+---------+---------+-------+---------
           D:1 |       1 |      44 |   2.2 |       1 |      29 |   3.3 |  1034
           D:2 |       6 |     102 |   5.6 |       2 |      23 |   8.0 |   739
           D:3 |       0 |     134 |   0.0 |       0 |      10 |   0.0 |   594
           D:4 |       4 |     557 |   0.7 |       2 |      16 |  11.1 |   807
           D:5 |      49 |     858 |   5.4 |       2 |      15 |  11.8 |  1427
           D:6 |      93 |    1995 |   4.5 |       1 |      41 |   2.4 |  1323
           D:7 |     539 |     955 |  36.1 |      13 |      30 |  30.2 |  1054
           D:8 |     129 |    1100 |  10.5 |       4 |      15 |  21.1 |   579
           D:9 |     102 |    3670 |   2.7 |       3 |      32 |   8.6 |  1133
          D:10 |     497 |    4018 |  11.0 |       7 |      37 |  15.9 |  1514
          D:11 |     422 |    3332 |  11.2 |       3 |      19 |  13.6 |   675
          D:12 |       0 |    2965 |   0.0 |       0 |      19 |   0.0 |   531
         Orc:1 |       0 |    1315 |   0.0 |       0 |       9 |   0.0 |   223
         Sewer |       0 |     292 |   0.0 |       0 |      48 |   0.0 |   371
               +---------+---------+-------+---------+---------+-------+---------
